 Dungeon Crawl Stone Soup version 0.21-a0-84-g85d6d27 (webtiles) character file.

638 uglyjohn the Ducker (level 7, -1/48 HPs)
             Began as an Octopode Wanderer on July 7, 2017.
             Slain by a centaur (9 damage)
             ... on level 5 of the Dungeon.
             The game lasted 00:06:04 (4263 turns).

uglyjohn the Ducker (Octopode Wanderer)             Turns: 4263, Time: 00:06:04

Health: -1/48      AC:  1    Str: 14    XL:     7   Next: 50%
Magic:  7/7        EV: 15    Int: 15    God:
Gold:   193        SH:  0    Dex: 10    Spells: 6/6 levels left

rFire    . . .     SeeInvis .   j - +3 short sword
rCold    . . .     Gourm    .   (no shield)
rNeg     . . .     Faith    .   (helmet restricted)
rPois    +         Spirit   .   (no amulet)
rElec    .         Reflect  .   a - ring of poison resistance
rCorr    .         Harm     .   (no ring)
MR       .....                  (no ring)
Stlth    +++.......             (no ring)
HPRegen  0.16/turn              (no ring)
MPRegen  0.10/turn              (no ring)
                                (no ring)
                                (no ring)

@: no status effects
A: almost no armour, stealthy swim, amphibious, 8 rings, constrict 8, camouflage
1, gelatinous body 1
a: no special abilities


You were on level 5 of the Dungeon.
You were not hungry.

You visited 1 branch of the dungeon, and saw 5 of its levels.

You collected 193 gold pieces.

Inventory:

Hand Weapons
 j - a +3 short sword (weapon)
Missiles
 s - 3 javelins (quivered)
Jewellery
 a - a ring of poison resistance (left tentacle)
Wands
 p - a wand of lightning (6/15)
Scrolls
 c - 4 scrolls of teleportation
 e - 2 scrolls of noise {unknown}
 i - a scroll of random uselessness {unknown}
 k - 2 scrolls of amnesia {unknown}
 l - 3 scrolls of fear {unknown}
 n - a scroll of recharging {unknown}
 o - 3 scrolls of remove curse
 q - a scroll of blinking {unknown}
 r - a scroll of enchant weapon {unknown}
 t - 3 scrolls of identify
Potions
 b - 3 potions of curing
 d - 2 potions of ambrosia
 g - 2 potions of might
 m - a potion of lignification {unknown}
 v - a potion of flight {unknown}
Books
 w - a book of Callings

   Spells                             Type                      Level
   a - Summon Small Mammal            Summoning                    1
   b - Call Imp                       Summoning                    2
   c - Call Canine Familiar           Summoning                    3
   d - Summon Guardian Golem          Hexes/Summoning              3
   e - Summon Lightning Spire         Summoning/Air                4
   f - Summon Ice Beast               Ice/Summoning                4
Comestibles
 f - 3 bread rations
 h - a fruit
 u - a chunk of flesh


   Skills:
 - Level 4.0 Fighting
 - Level 2.0 Short Blades
   Level 1.0 Maces & Flails
 + Level 5.4 Dodging
 - Level 2.6 Stealth
 + Level 5.3 Unarmed Combat
 - Level 1.1 Evocations


You had 6 spell levels left.
You didn't know any spells.

Dungeon Overview and Level Annotations

Branches:
Dungeon (5/15)
 Temple: D:4-7

Altars:
Cheibriados
Wu Jian


Innate Abilities, Weirdness & Mutations

You cannot wear most types of armour.
You are very stealthy in the water. (Stealth+)
You are amphibious.
You can wear up to eight rings at the same time.
You can use your tentacles to constrict eight enemies at once.
Your skin changes colour to match your surroundings (Stealth+).
Your rubbery body absorbs attacks. (AC +1, EV +1)


Message History

The worker ant bites you.
You see here an arrow.
You barely miss the howler monkey. Your grab misses the howler monkey.
The howler monkey is severely wounded.
The howler monkey hoots and howls with incredible vigour!
You barely miss the howler monkey. Your grab misses the howler monkey.
You squeeze the howler monkey.
The howler monkey is almost dead.
The howler monkey hits you.
You puncture the howler monkey!
You kill the howler monkey!
The centaur shoots an arrow.
The arrow hits you!
The centaur shoots an arrow.
The arrow hits you!
* * * LOW HITPOINT WARNING * * *
You are too injured to fight recklessly!
You are too injured to fight recklessly!
You are too injured to fight recklessly!
The centaur unwields an uncursed shortbow.
The centaur hits you!
You die...

.....#.# #.########
.......####........#
....#.##...........#
..............#.####
...##.##.#......#
...##.##...###..##
#..##.#...##...†.#
#..##.....#(...#(#
#.........#....#@#
##.#...####...##c#
#.##.##...####.a#
#.##.#....#:.....$....
#.##.#....#...#.###...
#.##.†.(.##...#.# .
#.###..###...##.#
....(........ ..#
######....### ###


You could see a centaur and a worker ant.

Vanquished Creatures
  An ogre (D:4)
  A phantom (D:4)
  A sky beast (D:5)
  A howler monkey (D:5)
  A hound (D:4)
  An iguana (D:4)
  2 orc wizards (D:4)
  3 worker ants
  A hound skeleton (D:4)
  5 adders
  A shadow imp (D:5)
  An ooze (D:3)
  A dart slug (D:1)
  3 leopard geckos
  7 orcs
  4 ball pythons (D:1)
  3 giant cockroaches (D:1)
  12 goblins
  8 hobgoblins
  6 jackals
  5 bats
  4 frilled lizards
  8 kobolds
  A quokka skeleton (D:4)
  9 rats
90 creatures vanquished.

Notes
Turn   | Place    | Note
-------+----------+-------------------------------------------
     0 | D:1      | uglyjohn the Octopode Wanderer began the quest for the Orb.
     0 | D:1      | uglyjohn set off with: a +2 short sword, a potion of curing, a scroll of teleportation, a +0 dagger, a bread ration
     0 | D:1      | Reached XP level 1. HP: 17/17 MP: 1/1
   346 | D:1      | Reached skill level 1 in Dodging
   351 | D:1      | Reached skill level 1 in Unarmed Combat
   351 | D:1      | Reached XP level 2. HP: 22/22 MP: 2/2
   614 | D:1      | Reached XP level 3. HP: 27/27 MP: 3/3
  1608 | D:2      | Reached XP level 4. HP: 33/33 MP: 4/4
  2693 | D:4      | Reached XP level 5. HP: 11/37 MP: 5/5
  3158 | D:4      | Noticed a phantom
  3300 | D:4      | Killed a phantom
  3300 | D:4      | Reached XP level 6. HP: 12/43 MP: 6/6
  3632 | D:4      | Reached XP level 7. HP: 26/48 MP: 7/7
  3932 | D:4      | Found an ornate altar of the Wu Jian Council.
  3932 | D:4      | Found a snail-covered altar of Cheibriados.
  3967 | D:5      | Entered Level 5 of the Dungeon
  4024 | D:5      | Reached skill level 5 in Dodging
  4071 | D:5      | Reached skill level 5 in Unarmed Combat
  4263 | D:5      | Slain by a centaur

Vault maps used:
D:1:      dpeg_arrival_boxorama, kennysheep_small_spiral, st_stairs_9,
          minmay_shallow_snake_nest
D:3:      serial_glass, glass_columns_a, glass_columns_a
D:4:      minitemple
D:5:      kennysheep_spiral_hall, grunt_temple_overflow_forces_of_nature,
          first_bread, minmay_misc_feat_four_crosses, minmay_shop_grid_forest,
          minmay_bent, uniq_grinder

Skill      XL: |  1  2  3  4  5  6  7 |
---------------+----------------------+-----
Dodging        | 1 2 3 4 5 |  5.4
Unarmed Combat | 1 2 3 4 5 |  5.3
Fighting       | |  4.0
Short Blades   | |  2.0
Maces & Flails | |  1.0
Stealth        | |  2.6
Evocations     | |  1.1

Action                   |  1- 3 |  4- 6 |  7- 9 || total
-------------------------+-------+-------+-------++-------
Melee: Short sword       |    59 |   101 |    30 ||   190
       Constrict         |    11 |    22 |     8 ||    41
       Tentacles         |     2 |    18 |     6 ||    26
       Punch             |     1 |     3 |       ||     4
Throw: Javelin           |       |     4 |       ||     4
Evoke: Wand              |       |     2 |       ||     2
  Use: Scroll            |     1 |     2 |       ||     3
 Stab: Sleeping          |    13 |     8 |       ||    21
       Distracted        |       |     1 |       ||     1
  Eat: Chunk             |     1 |     7 |     2 ||    10
Armor: Skin              |     7 |     5 |     1 ||    13
Dodge: Dodged            |    30 |    71 |    16 ||   117
